 Dungeon Crawl Stone Soup version 0.24.0-123-gd5b16e6ec5 (webtiles) character file.

Game seed: 2564072212952616562, levelgen mode: deterministic

21 zedden the Skirmisher (level 2, 0/26 HPs)
             Began as a Draconian Berserker on Dec 24, 2019.
             Was a Follower of Trog.
             Slain by Sigmund
             ... wielding a +0 scythe
              (8 damage)
             ... on level 2 of the Dungeon.
             The game lasted 00:27:18 (2018 turns).

zedden the Skirmisher (Draconian Berserker)         Turns: 2018, Time: 00:27:19

Health: 0/26       AC:  4    Str: 19    XL:     2   Next: 62%
Magic:  2/2        EV: 12    Int:  7    God:    Trog [*.....]
Gold:   60         SH:  0    Dex: 10    Spells: 1/1 levels left

rFire    . . .     SeeInvis .   a - +0 short sword
rCold    . . .     Gourm    .   (no shield)
rNeg     . . .     Faith    .   (armour unavailable)
rPois    .         Spirit   .   (helmet restricted)
rElec    .         Reflect  .   (no cloak)
rCorr    .         Harm     .   (no gloves)
MR       .....                  (no boots)
Stlth    +.........             (no amulet)
HPRegen  0.08/turn              f - +2 ring of slaying
MPRegen  0.08/turn              (no ring)

@: no status effects
A: unfitting armour, cold-blooded, AC +4
a: Berserk, Renounce Religion


You were on level 2 of the Dungeon.
You worshipped Trog.
Trog was aware of your devotion.
You were not hungry.

You visited 1 branch of the dungeon, and saw 2 of its levels.

You collected 60 gold pieces.

Inventory:

Hand Weapons
 a - a +0 short sword (weapon)
 m - a +0 short sword
 t - a +0 short sword
Missiles
 n - 79 stones (quivered)
 s - 34 arrows
 u - 12 poisoned darts
Jewellery
 f - a +2 ring of slaying (left hand)
Scrolls
 e - 2 scrolls of identify {unknown}
 v - a scroll of amnesia {unknown}
Potions
 c - 2 potions of lignification {unknown}
 g - 2 potions of degeneration {unknown}
 h - a potion of invisibility {unknown}
Comestibles
 b - 3 rations


   Skills:
 + Level 3.6 Fighting
 + Level 3.4 Short Blades
 + Level 3.0 Dodging


You had one spell level left.
You didn't know any spells.
Your spell library was empty.

Dungeon Overview and Level Annotations

Branches:
Dungeon (2/15)

Altars:

Annotations:
D:1 j
D:2 Sigmund


Innate Abilities, Weirdness & Mutations

Your plain brown scales are hard. (AC +4)
You cannot fit into any form of body armour.
You are cold-blooded and may be slowed by cold attacks.


Message History

Found 22 stones.
n - 79 stones (gained 22)
A kobold comes into view. It is wielding a +1 dagger of speed.
Sigmund the Dreaded comes into view.
He is wielding a +0 scythe and carrying a wand of random effects (15).
Sigmund shouts!
The kobold shouts!
Sigmund breathes a few words.
Sigmund's hands start flickering wildly.
You hit the kobold.
You kill the kobold!
Trog accepts your kill. Sigmund hits you with a +0 scythe!
Things that are here:
a +1 dagger of speed; 4 stones; a kobold corpse You completely miss Sigmund.
Sigmund points at you and mumbles some strange words.
The magic dart hits you!
You hit Sigmund.
Sigmund is moderately wounded.
Sigmund hits you with a +0 scythe!
You die...

... ... ... #.# #.#
####### ### #.#
#.....###.## #.#
#...@.##.#.#######.#
#@# #.###........#
#.####.#.#########
#.......# #########


You could see Sigmund.

Vanquished Creatures
  A giant cockroach (D:1)
  3 goblins (D:1)
  2 hobgoblins (D:1)
  6 kobolds
  2 ball pythons (D:1)
  3 bats (D:1)
  3 rats (D:1)
20 creatures vanquished.

Notes
Turn   | Place    | Note
-------+----------+-------------------------------------------
     0 | D:1      | zedden the Draconian Berserker began the quest for the Orb.
     0 | D:1      | Reached XP level 1. HP: 19/19 MP: 1/1
   370 | D:1      | Reached XP level 2. HP: 25/26 MP: 2/2
  1869 | D:1      | :
  1890 | D:1      | Paralysed by fainting for 8 turns
  1899 | D:1      | Paralysed by fainting for 5 turns
  1905 | D:1      | Paralysed by fainting for 6 turns
  2014 | D:2      | Noticed Sigmund
  2018 | D:2      | Slain by Sigmund

Levels and vault maps discovered:
D:1:      eino_arrival_cavern_b, layout_loops_corners, minivault_26
D:2:      layout_loops_cross, nicolae_ru_path_of_blood, okawaru_gym_becter,
          lemuel_coloured_pillars_altar, nicolae_qazlal_style_of_elements,
          uniq_sigmund, uniq_jessica

Skill      XL: |  1  2 |
---------------+-------+-----
Dodging        | 3 |  3.0
Fighting       | |  3.6
Short Blades   | |  3.4

Action                   || total
-------------------------++-------
Melee: Short sword       ||    50
       Tailslap          ||     4
Invok: Berserk           ||     2
  Use: Scroll            ||     1
 Stab: Sleeping          ||     1
  Eat: Chunk             ||     2
       Ration            ||     1
Armor: Skin              ||    15
Dodge: Dodged            ||    38
